 Dungeon Crawl Stone Soup version 0.27-a0-1322-gfdffb62a71 (webtiles) character file.

Game seed: 13128483975198138244

42 puppykicker the Charlatan (level 3, 0/27 HPs)
             Began as a Vampire Artificer on June 22, 2021.
             Slain by a gnoll (5 damage)
             ... on level 2 of the Dungeon.
             The game lasted 00:04:43 (869 turns).

puppykicker the Charlatan (Vampire Artificer)        Turns: 869, Time: 00:04:44

Health: 0/27       AC:  6    Str: 12    XL:     3   Next: 33%
Magic:  3/3        EV: 12    Int: 13    God:
Gold:   10         SH:  0    Dex: 14    Spells: 2/2 levels left

rFire    . . .     SeeInvis +   b - +0 whip (elec)
rCold    . . .     Faith    .   (no shield)
rNeg     . . .     Spirit   .   o - +3 leather armour
rPois    .         Reflect  .   (no helmet)
rElec    .         Harm     .   (no cloak)
rCorr    .         Rampage  .   (no gloves)
Will     .....                  (no boots)
Stlth    ++........             (no amulet)
HPRegen  0.29/turn              (no ring)
MPRegen  0.08/turn              (no ring)

@: lethally poisoned (0 -> -4), healing quickly
A: alive, fangs 3, see invisible, vampiric 2
a: Exsanguinate


You were on level 2 of the Dungeon.
You visited 1 branch of the dungeon, and saw 2 of its levels.

You collected 49 gold pieces.
You spent 39 gold pieces at shops.

Inventory:

Hand Weapons
 a - a +0 short sword
 b - a +0 whip of electrocution (weapon)
 w - a +0 dagger
Armour
 o - a +3 leather armour (worn)
Jewellery
 f - an amulet of faith {Faith, !P}
Wands
 c - a wand of flame (15)
 d - a wand of charming (15)
Scrolls
 g - a scroll of holy word {unknown}
 h - 2 scrolls of identify {unknown}
 m - a scroll of magic mapping {unknown}
 n - a scroll of noise {unknown}
 p - a scroll of amnesia {unknown}
 r - a scroll of enchant weapon {unknown}
Potions
 i - a potion of lignification {unknown}
 j - a potion of mutation {unknown}
 k - a potion of brilliance {unknown}
 l - a potion of cancellation {unknown}
 q - 2 potions of curing
 s - a potion of resistance {unknown}
Miscellaneous
 e - a piece from Xom's chessboard (15/15)


   Skills:
 + Level 1.7 Fighting
 * Level 2.1 Short Blades
 - Level 0.7 Armour
 - Level 2.1 Dodging
 + Level 2.6 Stealth
 + Level 0.3 Spellcasting
 - Level 2.6 Evocations


You had 2 spell levels left.
You didn't know any spells.
Your spell library contained the following spells:

 Spells                   Type           Power      Damage    Failure   Level
 Confusing Touch          Hex            0%         N/A       75%         3
 Gell's Gravitas          Tloc           0%         N/A       75%         3
 Petrify                  Tmut/Erth      0%         N/A       98%         4
 Metabolic Englaciation   Hex/Ice        0%         N/A       100%        5
 Yara's Violent Unravell  Hex/Tmut       0%         3d3       100%        5


Dungeon Overview and Level Annotations

Branches:
Dungeon (2/15)

Altars:

Shops:
D:1 !


Innate Abilities, Weirdness & Mutations

Your natural rate of healing is accelerated.
You have razor-sharp teeth.
You have supernaturally acute eyesight. (SInv)
You are afflicted with vampirism and can become a bat while bloodless.


Message History

You miss the adder.
You feel sick. The adder closely misses you.
You barely miss the adder. You bite the adder, but do no damage.
You feel sick.
You are no longer poisoned.
The adder bites you but does no damage. x2
You take 1 damage, and have 22/27 hp.
You hear the crackle of electricity.
b - a +0 whip of electrocution (weapon)
You closely miss the adder. The adder barely misses you. The adder bites you.
You are poisoned.
The adder poisons you!
You take 2 damage, and have 20/27 hp.
You barely miss the adder.
You feel sick. The adder bites you.
You are more poisoned.
The adder poisons you! The gnoll barely misses you.
You take 3 damage, and have 17/27 hp.
You feel sick.
You take 1 damage, and have 16/27 hp.
You feel sick. The adder barely misses you.
You take 2 damage, and have 14/27 hp.
Unknown command.
You feel sick.
You feel sick.
You take 1 damage, and have 13/27 hp.
You barely miss the adder.
You feel sick. The adder barely misses you. The adder closely misses you.
You take 1 damage, and have 12/27 hp.
You feel sick.
You take 1 damage, and have 11/27 hp.
You hit the adder but do no damage.
You feel sick.
You are no longer poisoned.
The adder misses you.
The gnoll hits you from afar with a +0 spear.
* * * LOW HITPOINT WARNING * * *
You take 3 damage, and have 8/27 hp.
You miss the adder. The adder barely misses you. The adder bites you.
* * * LOW HITPOINT WARNING * * *
You are poisoned.
The adder poisons you!
The gnoll hits you from afar with a +0 spear.
You die...

#... #.#..# .
##.#.####.#..##..
#.......gg.......
#..#.## #.#..... ####
###..#..###.#!.##..
....
...................
#####
##..#Jg###g#..##..
....# #..#.S....#..#
###.# #..#.@###.#..##..
#.# #..#.............
#.# #..##.###.#..##..
#.########..##..##.#..#
#.......)....)...#+# .#
##########............#
#............#
#............
#............


You could see 2 gnolls, an adder and an endoplasm.

Levels and vault maps discovered:
D:1:      lightli_molten_gateway, layout_basic, serial_shops, shop
D:2:      layout_basic

Notes
Turn   | Place    | Note
-------+----------+-------------------------------------------
     0 | D:1      | puppykicker the Vampire Artificer began the quest for the
                  | Orb.
     0 | D:1      | Reached XP level 1. HP: 14/14 MP: 1/1
    16 | D:1      | Found Roywkogu's Distillery.
    16 | D:1      | Identified a +0 short sword
    29 | D:1      | Reached skill level 1 in Fighting
    64 | D:1      | Identified an amulet of faith
    76 | D:1      | Identified a +0 short sword
    85 | D:1      | Identified a +0 dagger
   167 | D:1      | Identified a +0 club
   194 | D:1      | Reached skill level 1 in Short Blades
   194 | D:1      | Reached XP level 2. HP: 14/21 MP: 2/2
   218 | D:1      | Identified a +0 ring mail
   226 | D:1      | Identified a +0 club
   226 | D:1      | Identified a +0 dagger
   230 | D:1      | Reached skill level 2 in Stealth
   257 | D:1      | Identified a +3 leather armour
   336 | D:1      | Identified a +0 whip of electrocution
   648 | D:1      | Bought a potion of curing for 39 gold pieces
   680 | D:2      | Identified a +0 club
   704 | D:2      | Gained mutation: You are afflicted with vampirism and can
                  | become a bat while bloodless. [Vampire growth]
   704 | D:2      | Reached XP level 3. HP: 26/27 MP: 3/3
   814 | D:2      | Identified a +0 club
   823 | D:2      | Reached skill level 2 in Short Blades
   831 | D:2      | Identified a +0 hunting sling
   845 | D:2      | Identified a +0 spear
   848 | D:2      | Identified a +3 spear
   852 | D:2      | Identified a +0 spear
   869 | D:2      | HP: 5/27 [adder (3)]
   869 | D:2      | Slain by a gnoll

Table legend: (Time is in decaauts)
 A = Elapsed time spent in this place.
 B = Non-inter-level travel time spent in this place.
 C = Inter-level travel time spent in this place.
 D = Time resting spent in this place.
 E = Time spent auto-exploring this place.
 F = Levels seen in this place.
 G = Mean time per level.
                   A        B        C        D        E       F      G
               +--------+--------+--------+--------+--------+-----+--------+
         Total |    868 |    848 |     20 |     17 |    574 |   2 |  434.0 |
       Dungeon |    868 |    848 |     20 |     17 |    574 |   2 |  434.0 |
               +--------+--------+--------+--------+--------+-----+--------+

Top non-repeatable levels by time:
     D:1: 651 daAuts
     D:2: 216 daAuts

Table legend:
 A = Kills in this place as a percentage of kills in entire the game.
 B = Kills by you in this place as a percentage of kills by you in the entire game.
 C = Kills by friends in this place as a percentage of kills by friends in the entire game.
 D = Other kills in this place as a percentage of other kills in the entire game.
 E = Experience gained in this place as a percentage of experience gained in the entire game.
 F = Experience gained in this place divided by the number of levels of this place that you have seen.
                   A       B       C       D       E      F
               +-------+-------+-------+-------+-------+----------------------
         Total | 100.0 | 100.0 |   N/A |   N/A | 100.0 |  30.0
       Dungeon | 100.0 | 100.0 |   N/A |   N/A | 100.0 |  30.0
               +-------+-------+-------+-------+-------+----------------------

Skill      XL: |  1  2  3 |
---------------+----------+-----
Fighting       | 1 |  1.7
Short Blades   | 1 2 |  2.1
Stealth        | 2 |  2.6
Armour         | |  0.7
Dodging        | |  2.1
Spellcasting   | |  0.3
Evocations     | |  2.6

Action                   || total
-------------------------++-------
Melee: Short sword       ||    73
       Club              ||     7
       Bite              ||     6
       Dagger            ||     5
       Whip              ||     5
 Stab: Sleeping          ||     5
Armor: Leather armour    ||    22
Dodge: Dodged            ||    70

Vanquished Creatures
  An adder (D:2)
  A dart slug (D:1)
  2 ball pythons (D:2)
  4 endoplasms
  5 goblins
  3 hobgoblins (D:1)
  3 kobolds (D:1)
  2 quokkas (D:1)
  2 bats (D:1)
  2 frilled lizards (D:1)
  2 rats (D:1)
27 creatures vanquished.
